 Dungeon Crawl Stone Soup version 0.18-a0-1797-gc18daef (webtiles) character file.

45 M4edhros the Grave Robber (level 3, -2/21 HPs)
             Began as an Octopode Necromancer on Apr 22, 2016.
             Killed by nerve-wracking pain
             ... invoked by an orc priest
              (14 damage)
             ... on level 3 of the Dungeon.
             The game lasted 00:04:08 (613 turns).

M4edhros the Grave Robber (Octopode Necromancer)     Turns: 613, Time: 00:04:10

Health: -2/21      AC:  1    Str:  7    XL:     3   Next: 64%
Magic:  1/6        EV: 12    Int: 17    God:
Gold:   52         SH:  0    Dex: 13    Spells: 3 memorised, 1 level left

rFire  . . .     SeeInvis .     c - +3 dagger
rCold  . . .     Gourm    .     (no shield)
rNeg   . . .     Faith    .     (helmet restricted)
rPois  .         Spirit   .     (no amulet)
rElec  .         Dismiss  .     (no ring)
rCorr  .         Reflect  .     (no ring)
SustAt .         Harm     .     (no ring)
MR     .....                    (no ring)
Stlth  +++.......               (no ring)
                                (no ring)
                                (no ring)
                                (no ring)

@: very slightly contaminated, invisible, not resistant to hostile enchantments,
fairly stealthy
A: almost no armour, amphibious, 8 rings, constrict 8, camouflage 1, gelatinous
body 1
a: no special abilities


You were on level 3 of the Dungeon.
You were hungry.

You visited 1 branch of the dungeon, and saw 3 of its levels.

You collected 52 gold pieces.

Inventory:

Hand Weapons
 c - a +3 dagger (weapon)
Missiles
 d - 44 stones (quivered)
Scrolls
 e - a scroll of identify {unknown}
 k - a scroll of amnesia {unknown}
 l - a scroll of magic mapping {unknown}
 m - a scroll of teleportation {unknown}
 n - a scroll of recharging {unknown}
Potions
 i - a potion of curing {unknown}
Books
 a - a book of Necromancy

   Spells                             Type                      Level
   a - Pain                           Necromancy                   1
   b - Animate Skeleton               Necromancy                   1
   c - Vampiric Draining              Necromancy                   3
   d - Regeneration                   Charms/Necromancy            3
   e - Animate Dead                   Necromancy                   4
   f - Control Undead                 Necromancy                   4
Comestibles
 b - a bread ration
 f - 2 meat rations
 h - 3 chunks of flesh
 j - a beef jerky


   Skills:
 - Level 2.0 Dodging
 - Level 2.6 Stealth
 + Level 3.1 Unarmed Combat
 - Level 2.0 Spellcasting
 - Level 4.0 Necromancy


You had one spell level left.
You knew the following spells:

 Your Spells              Type           Power        Failure   Level  Hunger
a - Pain                  Necr           ###.         3%          1    #......
b - Animate Skeleton      Necr           N/A          3%          1    #......
c - Regeneration          Chrm/Necr      #.........   24%         3    ###....


Dungeon Overview and Level Annotations

Branches:
Dungeon (3/15)

Altars:


Innate Abilities, Weirdness & Mutations

You cannot wear most types of armour.
You are amphibious.
You can wear up to eight rings at the same time.
You can use your tentacles to constrict eight enemies at once.
Your skin changes colour to match your surroundings (Stealth).
Your rubbery body absorbs attacks (AC +1).


Message History

Your bat skeleton is destroyed!
An orc priest comes into view. It is wielding a dagger of speed.
The orc priest shouts!
Things that are here:
a whip; 13 stones; a leather armour Drink which item? (? for menu, Esc to quit)
It was a potion of invisibility.
You fade into invisibility!
You are very lightly contaminated with residual magic.
Found a stone staircase leading up.
You hit the orc priest. Your grab misses the orc priest.
The orc priest is lightly wounded.
You catch the helpless orc priest completely off-guard!
You puncture the orc priest! You grab the orc priest.
The orc priest is severely wounded.
You constrict the orc priest.
The orc priest mumbles some strange prayers to Beogh against you.
Pain shoots through your body!
Ouch! That really hurt!
You die...

### ##.##.#. .. #.......
... ########.......
#.####.............. . #
...##.####......... ..#<
#.##.#####........ .....
#.............#...
....o.#)##.#####........
#...oo.@..%.†...###.##.)
#.###.#o.#.####.#.......
#.#..#.# #.#...#... #
#..#.. #.#.......
#..#..# # #.......
####....#.#.......
...........#.#.
#......##...... ###.##
#..<#...


You could see 2 orc priests and 2 orcs.

Vanquished Creatures
  2 adders
  A worm (D:3)
  An orc (D:3)
  2 giant cockroaches
  A goblin (D:2)
  A hobgoblin (D:2)
  3 jackals (D:1)
  2 bats
  A giant newt (D:1)
  4 kobolds
  4 rats
22 creatures vanquished.

Vanquished Creatures (collateral kills)
  A giant cockroach (D:2)
  3 goblins (D:2)
  A giant newt (D:2)
  A rat (D:2)
6 creatures vanquished.

Grand Total: 28 creatures vanquished

Notes
Turn   | Place    | Note
--------------------------------------------------------------
     0 | D:1      | M4edhros the Octopode Necromancer began the quest for the Orb.
     0 | D:1      | Reached XP level 1. HP: 11/11 MP: 3/3
   229 | D:1      | Reached skill level 1 in Unarmed Combat
   269 | D:1      | Reached XP level 2. HP: 3/17 MP: 1/5
   316 | D:2      | Learned a level 1 spell: Animate Skeleton
   412 | D:2      | Reached XP level 3. HP: 2/21 MP: 3/6
   417 | D:2      | Learned a level 3 spell: Regeneration
   613 | D:3      | Killed from afar by an orc priest

Vault maps used:
D:1:      dpeg_arrival_short_road
D:2:      kennysheep_goblin_castle, marbit_many_paths, first_bread,
          serial_forest, infiniplex_forest_lined_3_way,
          infiniplex_forest_clump_double, infiniplex_forest_lined_room_,
          infiniplex_forest_straight_3, infiniplex_forest_lined_corner,
          infiniplex_forest_corner_2, infiniplex_forest_straight_4,
          infiniplex_forest_clump_tiny, infiniplex_forest_clump_C, fountainhead,
          uniq_terence
D:3:      nicolae_overflow_crystal_walls, st_stairs_3,
          nemelex_diamond_rough_becter, uniq_grinder

Skill      XL: |  1  2  3 |
---------------+----------+-----
Unarmed Combat | 1 2 3 |  3.1
Dodging        | |  2.0
Stealth        | |  2.6
Spellcasting   | |  2.0
Necromancy     | |  4.0

Action                   || total
-------------------------++-------
Melee: Unarmed           ||     8
       Dagger            ||    23
       Constrict         ||     6
       Tentacles         ||     2
 Cast: Pain              ||    20
       Animate Skeleton  ||     7
       Regeneration      ||     4
  Use: Potion            ||     2
 Stab: Sleeping          ||     1
       Invisible         ||     1
Armor: Skin              ||     2
Dodge: Dodged            ||    21
